 Dungeon Crawl Stone Soup version 0.19-a0-1170-g18f0c96 (webtiles) character file.

41 HaroldButt the Ruffian (level 3, 0/31 HPs)
             Began as a Hill Orc Monk on Aug 16, 2016.
             Slain by Purgy (3 damage)
             ... in a sewer.
             The game lasted 00:05:36 (1229 turns).

HaroldButt the Ruffian (Hill Orc Monk)              Turns: 1229, Time: 00:05:37

Health: 0/31       AC:  1    Str: 13 (14) XL:     3   Next: 52%
Magic:  3/3        EV: 12    Int: 15      God:
Gold:   108        SH:  0    Dex: 12 (13) Spells: 0 memorised, 2 levels left

rFire  . . .     SeeInvis .       - Unarmed
rCold  . . .     Gourm    .     a - +0 robe
rNeg   . . .     Faith    .     (no shield)
rPois  .         Spirit   .     (no helmet)
rElec  .         Dismiss  .     (no cloak)
rCorr  .         Reflect  .     (no gloves)
MR     .....     Harm     .     (no boots)
Stlth  ++........               (no amulet)
                                d - ring of wizardry
                                (no ring)

@: brilliant
A: talons 1, deformed body, deterioration 1
a: no special abilities


You were in a sewer.
You were very hungry.

You visited 1 branch of the dungeon, and saw 3 of its levels.
You also visited: Sewer.

You collected 108 gold pieces.


Innate Abilities, Weirdness & Mutations

You have sharp toenails.
Armour fits poorly on your strangely shaped body.
Your body sometimes deteriorates upon taking damage.


   Skills:
 - Level 3.6 Fighting
 - Level 2.4 Dodging
 - Level 1.5 Stealth
 + Level 4.9 Unarmed Combat


You had 2 spell levels left.
You didn't know any spells.

Inventory:

Armour
 a - a +0 robe (worn)
 e - a +0 chain mail
Jewellery
 d - a ring of wizardry (right hand)
Scrolls
 c - a scroll of remove curse {unknown}
 i - a scroll of enchant weapon {unknown}
 j - a scroll of teleportation {unknown}
Potions
 f - 3 potions of curing {@q1}
 m - a potion of mutation {!q}
Books
 k - a book of Beasts

   Spells                             Type                      Level
   a - Summon Butterflies             Summoning                    1
   b - Call Canine Familiar           Summoning                    3
   c - Summon Ice Beast               Ice/Summoning                4
   d - Summon Mana Viper              Hexes/Summoning              5
   e - Summon Hydra                   Summoning                    7
Comestibles
 b - 3 bread rations
 l - a royal jelly
 n - a meat ration

Dungeon Overview and Level Annotations

Branches:
Dungeon (3/15)

Altars:

Annotations:
D:2 Sigmund Sewer Purgy

▒▒▒▒.≈≈≈.▒
▒▒▒▒.≈≈≈.▒
▒∩....∩..+
▒▒▒▒.≈≈≈.▒
▒▒▒▒.≈≈≈.▒
▒..'.≈≈≈.+
▒▒▒▒.≈≈≈.▒
▒▒▒▒.≈≈≈.▒
▒).To≈≈≈.+
▒▒▒▒.≈≈≈.▒
▒.≈≈≈.▒
+.≈≈≈.+
▒▒▒▒▒▒▒
≈≈≈▒ ≈≈≈▒
≈≈≈▒


You could see Purgy.


Message History

Purgy claws you.
* * * LOW HITPOINT WARNING * * *
You barely miss Purgy.
Purgy is lightly wounded.
Purgy misses you. Purgy claws you.
* * * LOW HITPOINT WARNING * * *
Purgy claws you.
* * * LOW HITPOINT WARNING * * *
You feel better. Purgy bites you!
* * * LOW HITPOINT WARNING * * *
Your body deteriorates!
You feel clumsy. Purgy closely misses you. Purgy claws you but does no damage.
You punch Purgy! You claw Purgy, but do no damage.
Purgy is moderately wounded.
You hit Purgy. You claw Purgy, but do no damage.
Purgy is moderately wounded.
Purgy bites you.
* * * LOW HITPOINT WARNING * * *
Your body deteriorates!
You feel weakened. Purgy claws you.
* * * LOW HITPOINT WARNING * * *
Purgy claws you.
You die...

Action                   || total
-------------------------++-------
Melee: Unarmed           ||    91
       Kick              ||     4
  Use: Potion            ||     5
 Stab: Sleeping          ||     6
Armor: Robe              ||    12
Dodge: Dodged            ||    65

Vault maps used:
D:1:      onia_arrival_mini_spirals
D:2:      lemuel_coloured_pillars_altar, ecumenical_altar_2, uniq_sigmund
D:3:      lightli_sewer_entry_pipes, kennysheep_generic_room_5
Sewer:    kennysheep_door_sewer

Notes
Turn   | Place    | Note
-------+----------+-------------------------------------------
     0 | D:1      | HaroldButt the Hill Orc Monk began the quest for the Orb.
     0 | D:1      | Reached XP level 1. HP: 19/19 MP: 1/1
   118 | D:1      | Reached XP level 2. HP: 21/26 MP: 2/2
   133 | D:1      | Reached skill level 4 in Unarmed Combat
   420 | D:1      | Reached XP level 3. HP: 28/31 MP: 3/3
  1038 | D:2      | Found a faded altar of an unknown god.
  1042 | D:2      | Noticed Sigmund
  1155 | D:3      | Found a glowing drain.
  1163 | Sewer    | Entered a sewer
  1214 | Sewer    | Noticed Purgy
  1215 | Sewer    | Gained mutation: Armour fits poorly on your strangely shaped body. [potion of mutation]
  1215 | Sewer    | Gained mutation: Your body sometimes deteriorates upon taking damage. [potion of mutation]
  1215 | Sewer    | Gained mutation: You have sharp toenails. [potion of mutation]
  1229 | Sewer    | HP: 3/31 [Purgy (2)]
  1229 | Sewer    | Slain by Purgy

Vanquished Creatures
  An ooze (D:2)
  A dart slug (D:1)
  A giant gecko (D:1)
  2 ball pythons (D:2)
  2 giant cockroaches
  2 goblins (D:1)
  6 hobgoblins (D:1)
  4 bats
  3 giant newts
  6 kobolds
  3 rats (D:1)
31 creatures vanquished.
